 Seeded DCSS version 0.29-a0-517-gbdf32494f2 (webtiles) character file.

Game seed: 9552341793505258686 (custom seed)

104980 zeratav the Martial Artist (level 16, -10/122 HPs)
             Began as an Octopode Earth Elementalist on May 30, 2022.
             Was an Elder of Ashenzari.
             Mangled by a titanic slime creature (73 damage)
             ... on level 14 of the Dungeon on May 31, 2022.
             The game lasted 00:58:44 (26932 turns).

zeratav the Martial Artist (OpEE)                  Turns: 26932, Time: 00:58:44

Health: -10/122    AC:  2    Str: 20    XL:     16   Next: 40%
Magic:  38/38      EV: 17    Int: 37    God:    Ashenzari [****..]
Gold:   1703       SH: 12    Dex: 12    Spells: 14/34 levels left

rFire   . . .      SeeInvis +     - Unarmed
rCold   + . .      Faith    .   U - +1 buckler {rC+}
rNeg    + . .      Spirit   .   X - +1 hat {Will+}
rPois   .          Reflect  +   t - amulet of reflection
rElec   .          Harm     .   q - ring "Ruined Fortune-Teller" {Wiz, Alch, Elem} (curse)
rCorr   .          Rampage  .   r - ring "Secrets of Ashenzari" {Will+, Self, Cun} (curse)
Will    ++++.      Clarity  +   z - ring of the Unyielding Gaze {Str+6, Bglg, Cun} (curse)
Stlth   +++++.....              H - ring "Cursed With Me" {Will+, Self, Elem} (curse)
HPRegen 0.30/turn               p - ring "Bound Together" {Int+6, Self, Alch} (curse)
MPRegen 0.26/turn               G - ring "I Foresaw This" {MP+9, Melee, Fort} (curse)
                                W - +6 ring of intelligence
                                P - ring of the Omniscient Failure {Fly rN+ Str+6 Stlth+, Cun, Elem} (curse)

@: flying, studying Stealth
A: almost no armour, amphibious, 8 rings, camouflage 1, gelatinous body 1,
(nimble swimmer 1), tentacles
a: Renounce Religion, Curse Item, Shatter the Chains


You were on level 14 of the Dungeon.
You worshipped Ashenzari.
Ashenzari was greatly pleased with you.
You visited 3 branches of the dungeon, and saw 21 of its levels.
You also visited: Ossuary, Gauntlet and Ice Cave.

You collected 1703 gold pieces.


Innate Abilities, Weirdness & Mutations

You cannot wear most types of armour.
You are amphibious.
You can wear up to eight rings at the same time.
Your skin changes colour to match your surroundings (Stealth+).
Your rubbery body absorbs attacks. (AC +1, EV +1)
((You are camouflaged when in or above water. (Stealth+)))
You have tentacles for arms and can constrict up to eight enemies at once.


   Skills:
 - Level 11.1(15.0) Fighting
 + Level 8.4(12.3) Dodging
 - Level 2.6(5.7) Stealth
 - Level 8.3(10.3) Shields
 - Level 13.4(15.3) Unarmed Combat
 - Level 6.0(9.8) Spellcasting
 - Level 13.2(16.1) Transmutations
 - Level 12.3(16.1) Earth Magic


You had 14 spell levels left.
You knew the following spells:

 Your Spells              Type           Power      Damage    Failure   Level
a - Irradiate             Conj/Tmut      34%        3d24      1%          5
b - Stone Arrow           Conj/Erth      100%       3d13      1%          3
c - Lee's Rapid Deconstr  Erth           47%        3d24*     1%          5
d - Statue Form           Tmut/Erth      63%        N/A       1%          6
e - Sandblast             Erth           100%       2d20      0%          1

Your spell library contained the following spells:

 Spells                   Type           Power      Damage    Failure   Level
 Passwall                 Tmut/Erth      79%        N/A       0%          2
 Apportation              Tloc           38%        N/A       1%          1
 Foxfire                  Conj/Fire      84%        2x1d8     1%          1
 Magic Dart               Conj           76%        1d6       1%          1
 Necrotize                Necr           72%        1d7       1%          1
 Slow                     Hex            76%        N/A       1%          1
 Summon Small Mammal      Summ           72%        N/A       1%          1
 Ensorcelled Hibernation  Hex/Ice        42%        N/A       1%          2
 Searing Ray              Conj           38%        2d5       1%          2
 Sublimation of Blood     Necr           18%        N/A       1%          2
 Spider Form              Tmut/Pois      68%        N/A       1%          3
 Ice Form                 Ice/Tmut       68%        N/A       1%          4
 Leda's Liquefaction      Hex/Erth       34%        N/A       1%          4
 Petrify                  Tmut/Erth      95%        N/A       1%          4
 Blade Hands              Tmut           47%        N/A       1%          5
 Confusing Touch          Hex            19%        N/A       2%          3
 Conjure Flame            Conj/Fire      21%        6-21      2%          3
 Inner Flame              Hex/Fire       21%        N/A       2%          3
 Ozocubu's Armour         Ice            22%        N/A       2%          3
 Vampiric Draining        Necr           18%        2d7       3%          3
 Iron Shot                Conj/Erth      34%        9d7       6%          6
 Corpse Rot               Necr/Pois/Air  20%        N/A       9%          4
 Flame Wave               Conj/Fire      21%        2d7       9%          4
 Hailstorm                Conj/Ice       21%        3d6       9%          4
 Fulminant Prism          Conj/Hex       9%         3d7       10%         4
 Summon Ice Beast         Ice/Summ       20%        N/A       10%         4
 Anguish                  Hex/Necr       9%         N/A       11%         4
 Dispel Undead            Necr           18%        3d11      11%         4
 Freezing Cloud           Conj/Ice/Air   10%        6-21      24%         5
 Metabolic Englaciation   Hex/Ice        10%        N/A       24%         5
 Iskenderun's Battlesphe  Conj           19%        2d7       26%         5
 Shatter                  Erth           47%        3d36*     77%         9
 Simulacrum               Ice/Necr       10%        N/A       78%         6
 Death Channel            Necr           9%         N/A       82%         6
 Ozocubu's Refrigeration  Ice            11%        4d7       99%         7
 Spellforged Servitor     Conj/Summ      9%         N/A       100%        7
 Chain Lightning          Conj/Air       10%        3d14      100%        9
 Fire Storm               Conj/Fire      10%        8d3       100%        9
 Animate Armour           Summ/Erth      Unusable   N/A       N/A         4

Inventory:

Missiles
 a - 597 stones {throwing}
Armour
 U - a +1 buckler of cold resistance (worn)
   (You found it on level 2 of the Lair of Beasts)
 X - a +1 hat of willpower (worn)
   (You took it off Gastronok on level 8 of the Dungeon)
Jewellery
 g - a ring of resist corrosion
   (You found it in a Gauntlet)
 n - a ring of protection from cold
   (You found it on level 13 of the Dungeon)
 p - the cursed ring "Bound Together" (on tentacle) {Int+6, Self, Alch}
   (You found it on level 8 of the Dungeon)

   [ring of intelligence]

   Int:       It affects your intelligence (+6).
   It has a curse which improves the following skills: Introspection: Fighting
   and Spellcasting.
   Alchemy:   Poison Magic and Transmutations.
 q - the cursed ring "Ruined Fortune-Teller" (left tentacle) {Wiz, Alch, Elem}
   (You found it on level 3 of the Dungeon)

   [ring of wizardry]

   It improves your spell success rate.
   It has a curse which improves the following skills: Alchemy: Poison Magic and
   Transmutations.
   Elements:  Fire Magic, Ice Magic, Air Magic and Earth Magic.
 r - the cursed ring "Secrets of Ashenzari" (right tentacle) {Will+, Self, Cun}
   (You found it on level 4 of the Dungeon)

   [ring of willpower]

   Will:      It increases your willpower.
   It has a curse which improves the following skills: Introspection: Fighting
   and Spellcasting.
   Cunning:   Dodging and Stealth.
 t - an amulet of reflection (around mantle)
   (You found it on level 4 of the Dungeon)
 y - a ring of ice
   (You found it on level 5 of the Dungeon)
 z - the cursed ring of the Unyielding Gaze (on tentacle) {Str+6, Bglg, Cun}
   (You found it on level 5 of the Dungeon)

   [ring of strength]

   Str:       It affects your strength (+6).
   It has a curse which improves the following skills: Beguiling: Conjurations,
   Hexes and Translocations.
   Cunning:   Dodging and Stealth.
 E - an amulet of regeneration {@e2}
   (You found it on level 6 of the Dungeon)
 G - the cursed ring "I Foresaw This" (on tentacle) {MP+9, Melee, Fort}
   (You found it on level 12 of the Dungeon)

   [ring of magical power]

   MP:        It affects your magic capacity (+9).
   It has a curse which improves the following skills: Melee Combat: Short
   Blades, Long Blades, Axes, Maces & Flails, Polearms, Staves and Unarmed
   Combat.
   Fortitude: Shields.
 H - the cursed ring "Cursed With Me" (on tentacle) {Will+, Self, Elem}
   (You found it on level 7 of the Dungeon)

   [ring of willpower]

   Will:      It increases your willpower.
   It has a curse which improves the following skills: Introspection: Fighting
   and Spellcasting.
   Elements:  Fire Magic, Ice Magic, Air Magic and Earth Magic.
 L - a ring of protection from cold
   (You took it off a minotaur in a Gauntlet)
 P - the cursed ring of the Omniscient Failure (on tentacle) {Fly rN+ Str+6 Stlth+, Cun, Elem}
   (You found it on level 6 of the Lair of Beasts)

   [ring of strength]

   Str:       It affects your strength (+6).
   rN:        It protects you from negative energy.
   Fly:       It grants you flight.
   Stlth:     It makes you more stealthy.
   It has a curse which improves the following skills: Cunning: Dodging and
   Stealth.
   Elements:  Fire Magic, Ice Magic, Air Magic and Earth Magic.
 W - a +6 ring of intelligence (on tentacle)
   (You found it on level 4 of the Lair of Beasts)
 Y - a +4 ring of protection
   (You found it in a Gauntlet)
Wands
 m - a wand of iceblast (3)
   (You found it on level 12 of the Dungeon)
 J - a wand of digging (16)
   (You found it on level 6 of the Lair of Beasts)
 N - a wand of paralysis (2)
   (You found it in a Gauntlet)
Scrolls
 c - 2 scrolls of amnesia
 e - 10 scrolls of teleportation {@r4}
 h - 6 scrolls of immolation {!r!r}
 i - 4 scrolls of vulnerability {!r!r}
 j - 4 scrolls of blinking {!r}
 k - 4 scrolls of fear
 l - 3 scrolls of fog
 s - 3 scrolls of enchant weapon
 v - 3 scrolls of poison {!r}
 x - 4 scrolls of enchant armour
 B - a scroll of brand weapon
 R - 2 scrolls of summoning
 S - 2 scrolls of magic mapping {!r}
Potions
 b - a potion of magic
 d - 4 potions of heal wounds {@q2}
 f - a potion of berserk rage {!q}
 o - 5 potions of brilliance
 u - 4 potions of might
 w - 11 potions of curing {@q1}
 A - 2 potions of resistance
 C - 6 potions of attraction {!q}
 D - 6 potions of cancellation
 F - 5 potions of lignification {!q}
 I - 2 potions of haste {@q3}
 K - 5 potions of ambrosia
 Q - a potion of invisibility
 T - a potion of mutation {!q}
Miscellaneous
 M - a condenser vane
   (You found it in an ice cave)
 O - a box of beasts
   (You found it on level 1 of the Lair of Beasts)
 V - a phantom mirror
   (You found it on level 3 of the Lair of Beasts)
 Z - a tin of tremorstones (2/2) {throwing}
   (You found it on level 12 of the Dungeon)

Dungeon Overview and Level Annotations

Branches:
Dungeon (14/15)            Temple (1/1) D:6            Lair (6/6) D:10
  Swamp (0/4) Lair:2        Snake (0/4) Lair:2        Slime (0/5) Lair:6
    Orc (0/2) D:12         Vaults (0/5) D:14        Ossuary (visited)
  IceCv (visited)         Gauntlet (visited)

Altars:
Ashenzari
Cheibriados
Dithmenos
Elyvilon
Fedhas
Gozag
Hepliaklqana
Kikubaaqudgha
Makhleb
Nemelex Xobeh
Okawaru
Qazlal
Ru
Sif Muna
Trog
Uskayaw
Vehumet
Wu Jian
Xom
Yredelemnul
Zin
The Shining One
Jiyva

Shops:
D:5 *   D:9 :

Annotations:
D:6 1 runed translucent door, DocClef's ghost, amateur GnDe
Lair:6 1 runed translucent door

######### #######
########## ######.......
........#########J......
#######.####....@J$.$...
*
...####>####.####J......
, ##.#
##.####.####.......
##.###...##...## .......
...............#*...$...
##.###>..##....#*###.###
* .............#.## *..
,
##.###..........#######
* *
##.###.#.#.###........


You could see a titanic slime creature, a large slime creature and a slime
creature.


Message History

No target in view!
No target in view!
No target in view!
No target in view!
No target in view!
No target in view!
A centaur warrior is nearby!
MP[+1]
Your mp is fully restored (38).
The centaur warrior shouts!
You thrash the centaur warrior!!!
You kill the centaur warrior!
No target in view!
No target in view!
No target in view!
No target in view!
No target in view!
No target in view!
No target in view!
No target in view!
No target in view!
No target in view!
No target in view!
No target in view!
No target in view!
Things that are here:
a +0 shortbow {bow}; a centaur corpse
Things that are here:
a +0 shortbow {bow}; a centaur corpse Ashenzari invites you to partake of a vision and a curse of fortitude and elements.
There is an escape hatch in the floor here.
A slime creature comes into view. x2
The slime creature moves out of view.
A slime creature comes into view. 2 slime creatures come into view.
The slime creature quivers.
A boulder beetle and 4 slime creatures come into view.
The slime creature closely misses you.
The slime creature hits you but does no damage.
The boulder beetle curls into a ball and begins rolling!
The slime creature quivers. x2
You bludgeon the slime creature!
The slime creature quivers.
The slime creature hits you but does no damage. x2
You bludgeon the slime creature! You squeeze the slime creature.
Two slime creatures merge to form a large slime creature.
You block the slime creature's attack.
You bludgeon the slime creature! You squeeze the slime creature.
The slime creature quivers.
Two slime creatures merge to form a very large slime creature.
Two slime creatures merge to form an enormous slime creature.
The slime creature hits you but does no damage.
You thrash the slime creature!!!
You kill the slime creature!
Your transformation is almost over.
The boulder beetle hits you but does no damage.
The boulder beetle stops rolling and uncurls.
You batter the boulder beetle!! You squeeze the boulder beetle!
The slime creature quivers. x2
You block the boulder beetle's attack.
The slime creature hits you but does no damage.
You block the enormous slime creature's attack.
The boulder beetle bites you but does no damage.
You thrash the boulder beetle!!!
You kill the boulder beetle!
The enormous slime creature hits you but does no damage.
The slime creature misses you.
You bludgeon the enormous slime creature!
You squeeze the enormous slime creature.
The slime creature hits you but does no damage.
The enormous slime creature hits you!!!
You batter the enormous slime creature!!
You squeeze the enormous slime creature, but do no damage.
You block the enormous slime creature's attack.
You block the slime creature's attack.
You batter the enormous slime creature!!
You squeeze the enormous slime creature!
You block the enormous slime creature's attack.
The slime creature barely misses you.
The slime creature hits you but does no damage.
Two slime creatures merge to form a titanic slime creature.
The slime creature barely misses you.
Two slime creatures merge to form a large slime creature.
You thrash the titanic slime creature!!!
You squeeze the titanic slime creature!
The slime creature hits you but does no damage.
You thrash the titanic slime creature!!!
You squeeze the titanic slime creature. You block the slime creature's attack.
The titanic slime creature hits you!!
You block the large slime creature's attack.
You are too injured to fight recklessly!
You are too injured to fight recklessly!
HP[-58]
You take 58 damage, and now have 100/158 hp.
MASSIVE DAMAGE!! (PAUSE)
You tentacle-slap the titanic slime creature.
You revert to your normal fleshy form.
The slime creature hits you! The titanic slime creature hits you!!!!
Ouch! That really hurt!
You die...

Skill      XL: |  1  2  3  4  5  6  7  8  9 10 11 12 13 14 15 16 |
---------------+-------------------------------------------------+-----
Spellcasting   | 3 4 6 |  6.0
Earth Magic    | 5 6 7 9 11 12 | 12.3
Transmutations | 5 10 13 | 13.2
Unarmed Combat | 3 9 13 | 13.4
Fighting       | 2 8 11 | 11.1
Dodging        | 6 8 |  8.4
Shields        | 4 8 |  8.3
Stealth        | |  2.6

Action                   |  1- 3 |  4- 6 |  7- 9 | 10-12 | 13-15 | 16-18 || total
-------------------------+-------+-------+-------+-------+-------+-------++-------
Melee: Short sword       |    49 |     5 |       |       |       |       ||    54
       Constrict         |    13 |    17 |    46 |    51 |    59 |    11 ||   197
       Tentacles         |    13 |    15 |    46 |   126 |   101 |    25 ||   326
       Dagger            |       |    84 |   110 |       |       |       ||   194
       Punch             |       |     1 |     4 |    25 |    48 |     4 ||    82
       Unarmed           |       |       |    53 |   388 |   413 |    79 ||   933
 Fire: Hunting sling     |       |       |    18 |       |       |       ||    18
 Cast: Sandblast         |     8 |     7 |    16 |       |       |       ||    31
       Stone Arrow       |       |     6 |    57 |     2 |       |       ||    65
       Statue Form       |       |       |     8 |    55 |    62 |    19 ||   144
       Lee's Rapid Decon |       |       |     4 |     6 |       |       ||    10
       Irradiate         |       |       |       |     2 |     8 |     2 ||    12
Invok: Curse Item        |       |       |     2 |     2 |     3 |       ||     7
  Use: Potion            |       |       |     5 |       |     1 |       ||     6
       Scroll            |       |       |    13 |       |     1 |       ||    14
 Stab: Sleeping          |     5 |    12 |     5 |     6 |    12 |     5 ||    45
       Distracted        |       |       |       |       |       |     1 ||     1
       Petrified         |       |       |       |       |       |     1 ||     1
Armor: Skin              |     8 |    26 |    88 |   363 |   267 |    76 ||   828
Dodge: Dodged            |    29 |    75 |   119 |   421 |   436 |    64 ||  1144
Block: Other             |       |       |    49 |   147 |     3 |       ||   199
       Reflection        |       |       |     1 |     4 |     4 |     5 ||    14
       Buckler           |       |       |       |       |   344 |    73 ||   417

Levels and vault maps discovered:
D:1:      co_arrival_random_square_maze, layout_loops_ring, chequers_big_river
D:2:      layout_loops_cross, uniq_sigmund, uniq_jessica
D:3:      layout_basic, grunt_temple_overflow_open,
          ebering_ecumenical_altar_mist, chequers_serial_rivers_large_b,
          lexackson_kobold_supper
D:4:      layout_basic
D:5:      layout_rooms, mainiacjoe_overflow_alcove_1,
          nicolae_wu_jian_wuxing_cycle, serial_aquarium, aquarium_bridge_square
          [aquarium_subvault_window, aquarium_subvault_wall,
          aquarium_subvault_bridge, aquarium_subvault_wall],
          aquarium_window_fake, aquarium_window_corner, aquarium_view_2c,
          aquarium_view_2e, aquarium_pool_five, grunt_ministairs_9,
          minmay_shop_mass, minmay_misc_feat_room, kennysheep_generic_room_4,
          uniq_menkaure
D:6:      layout_loops_ring, chei_slow_surprise,
          minmay_temple_entry_enclosed_plants, ebering_ghost_sewer_d,
          chequers_avenue, lemuel_old_faithful, uniq_maggie
D:7:      layout_loops_corners, mainiacjoe_overflow_24_doors
D:8:      layout_loops_ring, gammafunk_temple_overflow_wave,
          lightli_ossuary_entry_decrepit_ruins, minivault_4, uniq_gastronok,
          uniq_maurice
D:9:      layout_basic, serial_shops, nicolae_shop_behind_doors,
          hellmonk_guarded_unrand_lears
D:10:     layout_rooms, lair_entry_dummy, kennysheep_generic_room_10
D:11:     layout_loops_ring
D:12:     dragon1_lemuel, layout_basic, orc_0_dummy, amethyst_killhole,
          small_statue_intersection, david_greed
D:13:     layout_loops_ring
D:14:     layout_loops_ring, david_vaults_1, gauntlet_entry_generic,
          good_gods_mini_temple, david_defended_altar_orc
Temple:   jpeg_temple_island
Lair:1:   minmay_guarded_unrand_snakebite, layout_concentric_octagons,
          portal_ice_cave_rime, infiniplex_staircase_pool_2, grunt_megastairs_5,
          uniq_erica
Lair:2:   layout_gridlike, minmay_swamp_entry_reptiles,
          minmay_snake_entry_six_corridors, gammafunk_ghost_ooze
Lair:3:   cheibrodos_lair_overgrown_chateau, layout_misc_corridors,
          serial_bayou_pond_e, nicolae_lair_run_with_the_wolves
Lair:4:   layout_concentric_octagons, lemuel_centaur_altar
Lair:5:   layout_gridlike, uniq_sonja, uniq_nessos
Lair:6:   grunt_lair_end_beastmaster, layout_gridlike, slime_altar_2,
          st_stairs_4, grunt_megastairs_3

Notes
Turn   | Place    | Note
-------+----------+-------------------------------------------
     0 | D:1      | zeratav the Octopode Earth Elementalist began the quest for
                  | the Orb.
     0 | D:1      | Reached XP level 1. HP: 11/11 MP: 3/3
     0 | D:1      | magus.rc [v1.9.6]
   252 | D:1      | Reached XP level 2. HP: 17/17 MP: 5/5
   522 | D:1      | magus.rc [v1.9.6]
   772 | D:1      | Reached XP level 3. HP: 21/21 MP: 6/6
  1238 | D:2      | Noticed Sigmund
  1250 | D:2      | Killed Sigmund
  1251 | D:2      | Reached skill level 3 in Spellcasting
  1251 | D:2      | Reached skill level 5 in Earth Magic
  1251 | D:2      | Reached XP level 4. HP: 12/27 MP: 1/9
  1251 | D:2      | Reached XP level 5. HP: 14/31 MP: 1/10
  1481 | D:2      | Noticed Jessica
  1490 | D:2      | Killed Jessica
  1618 | D:2      | Reached XP level 6. HP: 36/36 MP: 11/11
  1899 | D:3      | Found a radiant altar of Vehumet.
  1993 | D:3      | Found a shimmering altar of Xom.
  1993 | D:3      | Found a stormy altar of Qazlal.
  1993 | D:3      | Found a glowing golden altar of the Shining One.
  1995 | D:3      | Found a basalt altar of Yredelemnul.
  1995 | D:3      | Found a hide-covered altar of Uskayaw.
  2004 | D:3      | Found a bloodstained altar of Trog.
  2226 | D:3      | Learned a level 3 spell: Stone Arrow
  2699 | D:3      | Found a faded altar of an unknown god.
  3076 | D:4      | Reached skill level 6 in Earth Magic
  3491 | D:4      | You pick up a book of Power and begin reading...
  3491 | D:4      | You add the spells Iskenderun's Battlesphere, Iron Shot and
                  | Spellforged Servitor to your library.
  3731 | D:5      | Entered Level 5 of the Dungeon
  3780 | D:5      | Reached skill level 4 in Spellcasting
  3817 | D:5      | Reached XP level 7. HP: 41/41 MP: 6/13
  3837 | D:5      | Found Vosuot's Mass Market.
  4176 | D:4      | HP: 9/41 [poisoned by an orc wizard]
  4359 | D:4      | HP: 9/41 [poisoned by a scorpion]
  4359 | D:4      | HP: 4/41 [scorpion (5)]
  4364 | D:4      | Reached skill level 7 in Earth Magic
  4756 | D:5      | Found a blossoming altar of Fedhas.
  4775 | D:5      | Noticed Menkaure
  4779 | D:5      | Killed Menkaure
  4790 | D:5      | Reached XP level 8. HP: 46/46 MP: 5/15
  4875 | D:5      | Reached skill level 5 in Spellcasting
  5152 | D:5      | Reached skill level 8 in Earth Magic
  5338 | D:5      | Found an ornate altar of the Wu Jian Council.
  5542 | D:6      | Noticed Maggie
  5548 | D:6      | HP: 11/46 [Maggie/+2 war axe of flaming (7)]
  5551 | D:6      | Killed Maggie
  5552 | D:6      | Reached skill level 9 in Earth Magic
  6217 | D:6      | Found a snail-covered altar of Cheibriados.
  6227 | D:6      | Reached skill level 6 in Spellcasting
  6768 | D:6      | Reached XP level 9. HP: 51/51 MP: 14/18
  6938 | D:6      | Found a staircase to the Ecumenical Temple.
  6945 | Temple   | Entered the Ecumenical Temple
  7428 | Temple   | Became a worshipper of Ashenzari the Shackled
  7469 | D:6      | Reached skill level 10 in Earth Magic
  7687 | D:6      | Found a runed translucent door.
  7831 | D:6      | Noticed DocClef's ghost (amateur GnDe)
  8158 | D:7      | Identified the +2 hunting sling "Fout" {flame, *Corrode
                  | Str+3 Int+4 Stlth+}
  8195 | D:7      | You pick up a book of Conjurations {@e2} and begin
                  | reading...
  8195 | D:7      | You add the spells Magic Dart, Searing Ray and Fulminant
                  | Prism to your library.
  8280 | D:7      | Found a glowing silver altar of Zin.
  8383 | D:7      | HP: 11/51 [poisoned by a scorpion]
  8639 | D:7      | You pick up a book of the Earth and begin reading...
  8639 | D:7      | You add the spells Leda's Liquefaction, Lee's Rapid
                  | Deconstruction and Statue Form to your library.
  8914 | D:7      | Reached skill level 11 in Earth Magic
  9146 | D:7      | Reached skill level 3 in Transmutations
  9358 | D:7      | HP: 10/51 [steam dragon (10)]
  9695 | D:7      | Learned a level 5 spell: Lee's Rapid Deconstruction
  9702 | D:7      | Learned a level 6 spell: Statue Form
  9913 | D:8      | Found a sand-covered staircase.
  9939 | D:8      | Reached skill level 1 in Unarmed Combat
  9939 | D:8      | Reached skill level 4 in Transmutations
  9952 | Ossuary  | Entered an ossuary
 10162 | D:8      | Noticed Gastronok
 10186 | D:8      | Reached * piety under Ashenzari
 10217 | D:8      | Reached skill level 2 in Unarmed Combat
 10377 | D:8      | Reached skill level 3 in Unarmed Combat
 10574 | D:8      | Noticed Maurice
 10580 | D:8      | Killed Maurice
 10581 | D:8      | Reached skill level 5 in Transmutations
 10581 | D:8      | Reached XP level 10. HP: 51/56 MP: 10/20
 10786 | D:8      | Reached skill level 6 in Transmutations
 10964 | D:9      | Reached skill level 7 in Transmutations
 11027 | D:9      | Identified the +10 great sword "Guaxuruz" {venom, rF+}
 11114 | D:9      | Reached skill level 8 in Transmutations
 11121 | D:9      | Reached skill level 9 in Transmutations
 11281 | D:9      | Noticed a tengu warrior
 11290 | D:9      | Killed a tengu warrior
 11291 | D:9      | Reached skill level 10 in Transmutations
 11355 | D:9      | Found the +18 Lear's hauberk
 11372 | D:9      | Identified the -2 chain mail "Buci" {+Inv rF- Dex+4}
 11399 | D:9      | Identified the +0 spear of Forced Transition {freeze, rPois
                  | rF+ Stlth-}
 11399 | D:9      | Identified the +0 kite shield of Words of Power {rN+ Str-4
                  | Stlth+}
 11404 | D:9      | Found Iblussuwk's Book Shoppe.
 11414 | D:9      | Reached skill level 1 in Fighting
 12010 | D:10     | Entered Level 10 of the Dungeon
 12081 | D:10     | Killed an unseen horror
 12082 | D:10     | Reached skill level 2 in Fighting
 12082 | D:10     | Reached XP level 11. HP: 69/69 MP: 15/21
 12120 | D:10     | Reached skill level 3 in Fighting
 12202 | D:10     | Found a staircase to the Lair.
 12265 | D:10     | Reached skill level 4 in Fighting
 12533 | D:10     | You pick up a book of Iron and begin reading...
 12924 | D:11     | Reached skill level 5 in Fighting
 12926 | D:11     | Noticed a sixfirhy
 12936 | D:11     | Reached skill level 6 in Fighting
 13142 | D:11     | Reached ** piety under Ashenzari
 13164 | D:11     | Reached skill level 7 in Fighting
 13272 | D:11     | Noticed a boulder beetle
 13319 | D:11     | Killed a boulder beetle
 13320 | D:11     | Reached skill level 8 in Fighting
 13426 | D:11     | You pick up a book of Dreams and begin reading...
 13426 | D:11     | You add the spells Ensorcelled Hibernation, Spider Form and
                  | Anguish to your library.
 13427 | D:11     | Noticed a boulder beetle
 13440 | D:11     | Killed a boulder beetle
 13441 | D:11     | Reached skill level 3 in Dodging
 13534 | D:11     | Reached skill level 4 in Dodging
 13790 | D:11     | Reached skill level 5 in Dodging
 14065 | Lair:1   | Entered Level 1 of the Lair of Beasts
 14187 | Lair:1   | Reached skill level 6 in Dodging
 14202 | Lair:1   | Reached XP level 12. HP: 87/87 MP: 23/23
 14212 | Lair:1   | You pick up a book of Alchemy and begin reading...
 14212 | Lair:1   | You add the spells Sublimation of Blood and Irradiate to
                  | your library.
 14215 | Lair:1   | Found a frozen archway.
 14223 | Lair:1   | Reached skill level 7 in Dodging
 14394 | IceCv    | Entered an ice cave
 14599 | IceCv    | Identified the +0 robe of Lauxoub {rPois rF- Dex-5
                  | Archmagi}
 14599 | IceCv    | Identified a +2 crystal plate armour of cold resistance
 14830 | IceCv    | Reached skill level 8 in Dodging
 15313 | IceCv    | HP: 15/113 [entropy weaver simulacrum (18)]
 15315 | IceCv    | Reached skill level 4 in Unarmed Combat
 15632 | IceCv    | Found a viscous altar of Jiyva.
 15632 | IceCv    | Noticed an azure jelly
 15646 | IceCv    | Killed an azure jelly
 15647 | IceCv    | Reached skill level 5 in Unarmed Combat
 15875 | IceCv    | Noticed a quicksilver ooze
 15886 | IceCv    | Learned a level 5 spell: Irradiate
 15893 | IceCv    | Identified Tirghiag's Handbook of Cold
 15894 | IceCv    | Identified the Volume of Snow
 15894 | IceCv    | Identified the amulet "Lurelog" {Acrobat rCorr}
 15897 | IceCv    | Killed a quicksilver ooze
 15898 | IceCv    | Reached skill level 6 in Unarmed Combat
 15935 | IceCv    | You add the spells Summon Ice Beast, Freezing Cloud and
                  | Ozocubu's Refrigeration to your library.
 15939 | IceCv    | You add the spells Ice Form and Metabolic Englaciation to
                  | your library.
 16500 | Lair:1   | You pick up a book of Cantrips and begin reading...
 16500 | Lair:1   | You add the spells Necrotize, Summon Small Mammal and
                  | Apportation to your library.
 16509 | Lair:1   | Noticed Erica
 16517 | Lair:1   | Killed Erica
 16717 | Lair:1   | Reached skill level 7 in Unarmed Combat
 16982 | Lair:1   | Reached skill level 8 in Unarmed Combat
 16987 | Lair:1   | Found the +8 whip "Snakebite" {venom, curare, rPois}
 17514 | Lair:2   | Reached skill level 9 in Unarmed Combat
 17594 | Lair:2   | Reached XP level 13. HP: 92/92 MP: 24/24
 17628 | Lair:2   | Found a runed translucent gate.
 17628 | Lair:2   | Found a runed translucent gate.
 17628 | Lair:2   | Found a runed translucent gate.
 17789 | Lair:2   | Noticed Nexocug's ghost (journeyman MiFi)
 17804 | Lair:2   | Found a viscous altar of Jiyva.
 17826 | Lair:2   | Killed Nexocug's ghost
 17827 | Lair:2   | Reached skill level 10 in Unarmed Combat
 17898 | Lair:2   | Found a staircase to the Swamp.
 18013 | Lair:2   | Found a staircase to the Snake Pit.
 18028 | Lair:2   | Reached skill level 11 in Unarmed Combat
 18592 | Lair:3   | HP: 16/120 [fire crab] (33)]
 19148 | Lair:3   | Reached skill level 12 in Unarmed Combat
 20010 | Lair:4   | Reached skill level 13 in Unarmed Combat
 20240 | Lair:4   | Reached *** piety under Ashenzari
 20839 | Lair:4   | You pick up a book of Debilitation and begin reading...
 20839 | Lair:4   | You add the spells Slow, Vampiric Draining and Confusing
                  | Touch to your library.
 20848 | Lair:4   | Found a burning altar of Makhleb.
 20948 | Lair:5   | Reached skill level 1 in Shields
 21015 | Lair:5   | Noticed Nessos
 21027 | Lair:5   | Reached skill level 2 in Shields
 21028 | Lair:5   | Killed Nessos
 21029 | Lair:5   | Reached skill level 3 in Shields
 21263 | Lair:5   | Reached skill level 4 in Shields
 21390 | Lair:5   | Reached XP level 14. HP: 101/101 MP: 27/27
 21412 | Lair:5   | You pick up a book of Flames and begin reading...
 21412 | Lair:5   | You add the spells Foxfire, Conjure Flame, Inner Flame and
                  | Flame Wave to your library.
 21485 | Lair:5   | Noticed Sonja
 21502 | Lair:5   | Reached skill level 5 in Shields
 21506 | Lair:5   | Killed Sonja
 21613 | Lair:5   | You pick up a book of Decay and begin reading...
 21613 | Lair:5   | You add the spells Corpse Rot, Dispel Undead and Death
                  | Channel to your library.
 21806 | Lair:6   | Entered Level 6 of the Lair of Beasts
 21818 | Lair:6   | Reached skill level 6 in Shields
 21827 | Lair:6   | HP: 31/131 [four-headed hydra (9)]
 22194 | Lair:6   | Reached skill level 7 in Shields
 22402 | Lair:6   | Reached skill level 8 in Shields
 22410 | Lair:6   | Found a runed translucent door.
 22410 | Lair:6   | Found a viscous altar of Jiyva.
 22410 | Lair:6   | Noticed an acid blob
 22416 | Lair:6   | Found a staircase to the Slime Pits.
 22416 | Lair:6   | Noticed an acid blob
 22416 | Lair:6   | Noticed an acid blob
 22792 | Lair:6   | HP: 32/131 [catoblepas (1)]
 23064 | Lair:6   | Identified the ring "Hucal" {Fly rN+ Str+6 Stlth+}
 23069 | Lair:6   | Reached skill level 11 in Transmutations
 23706 | D:8      | Killed Gastronok
 23707 | D:8      | Reached skill level 12 in Earth Magic
 23790 | D:8      | Found a sacrificial altar of Ru.
 23790 | D:8      | Found a shadowy altar of Dithmenos.
 24168 | D:12     | Found a staircase to the Orcish Mines.
 24281 | D:12     | Reached **** piety under Ashenzari
 24401 | D:12     | Identified a potion of experience
 24652 | D:12     | Reached skill level 13 in Transmutations
 24652 | D:12     | Reached XP level 15. HP: 108/108 MP: 28/28
 24759 | D:12     | Identified the +7 scimitar "Grim" {vorpal, rPois Int+5}
 24810 | D:12     | Reached XP level 16. HP: 114/114 MP: 28/29
 25379 | D:13     | Reached skill level 9 in Fighting
 25985 | D:13     | Reached skill level 10 in Fighting
 26219 | D:14     | Found a gate to the Vaults.
 26254 | D:14     | Found a gate leading to a gauntlet.
 26270 | Gauntlet | Entered a Gauntlet
 26270 | Gauntlet | Found a transporter.
 26270 | Gauntlet | Found a transporter.
 26274 | Gauntlet | Found a transporter.
 26284 | Gauntlet | Identified the ring "Wikhidoo" {*Slow Fly rElec Str+7}
 26285 | Gauntlet | Found a transporter.
 26288 | Gauntlet | Found a transporter.
 26288 | Gauntlet | Found a transporter.
 26298 | Gauntlet | Found a transporter.
 26302 | Gauntlet | Found a transporter.
 26340 | Gauntlet | Found a transporter.
 26384 | Gauntlet | Found a transporter.
 26402 | Gauntlet | Found a transporter.
 26403 | Gauntlet | Found a transporter.
 26729 | Gauntlet | You pick up a book of Annihilations and begin reading...
 26729 | Gauntlet | You add the spells Chain Lightning, Fire Storm and Shatter
                  | to your library.
 26770 | Gauntlet | You pick up a book of the Tundra and begin reading...
 26770 | Gauntlet | You add the spells Hailstorm and Simulacrum to your
                  | library.
 26803 | Gauntlet | Reached skill level 11 in Fighting
 26932 | D:14     | Mangled by a titanic slime creature

Vanquished Creatures
  Gastronok (D:8)
  An azure jelly (IceCv)
  A quicksilver ooze (IceCv)
  Nessos (Lair:5)
  A minotaur (Gauntlet)
  The ghost of Nexocug the Fighter, a journeyman MiFi of Hepliaklqana (Lair:2)
  A fire dragon (D:12)
  4 hydras
  4 boulder beetles
  2 catoblepae
  2 centaur warriors (D:14)
  A deep troll shaman (Lair:6)
  Erica (Lair:1)
  4 tengu warriors
  6 death yaks (Lair:6)
  Sonja (Lair:5)
  A fire crab (Lair:3)
  4 sixfirhies (Gauntlet)
  An obsidian statue (D:12)
  A swamp dragon (Lair:2)
  A necromancer (D:14)
  3 lindwurms
  A deep elf pyromancer (D:12)
  A wolf spider (Lair:3)
  6 cyclopes
  4 manticores
  An apocalypse crab (Gauntlet)
  7 black mambas
  4 elephants (Lair:6)
  4 ice statues
  Maurice (D:8)
  7 cane toads
  2 torpor snails (Lair:6)
  Maggie (D:6)
  2 unseen horrors
  4 kobold demonologists
  8 rime drakes
  6 komodo dragons
  3 tengu conjurers (D:13)
  3 entropy weaver simulacra (IceCv)
  5 trolls
  A polar bear (Lair:6)
  16 blink frogs
  3 meliai (D:13)
  5 dream sheep (Lair:5)
  A hornet (Lair:3)
  6 slime creatures
  Sigmund (D:2)
  2 vampires
  2 shadows
  5 wraiths
  59 yaks
  3 wyverns
  Menkaure (D:5)
  A steam dragon (D:7)
  A basilisk (Lair:1)
  13 vampire mosquitoes
  An acid dragon (D:10)
  3 demonic crawler simulacra (IceCv)
  34 water moccasins
  3 orc warriors
  5 black bears
  An ugly thing simulacrum (IceCv)
  2 sky beasts (D:7)
  An ogre (D:5)
  10 centaurs
  23 wolves
  6 kobold brigands
  3 scorpions
  11 bullfrogs
  A gnoll sergeant (D:9)
  2 necrophages (D:5)
  3 glowing shapeshifter simulacra (IceCv)
  3 wights (D:10)
  9 killer bees (D:8)
  5 electric eels
  3 howler monkeys
  3 lava snakes (Lair:2)
  2 gnoll shamans
  3 jellies
  8 orc priests
  3 hounds
  Jessica (D:2)
  5 iguanas
  15 orc wizards
  4 hell rats (Lair:1)
  4 mummies
  12 gnolls
  7 adders
  2 ufetubi
  2 adder zombies (Ossuary)
  5 dart slugs
  30 orcs
  4 ball pythons
  5 endoplasms
  2 giant cockroaches (D:1)
  A gnoll zombie (Ossuary)
  A goblin (D:4)
  5 hobgoblins
  2 jackals (D:1)
  3 quokkas
  3 bats
  6 frilled lizards
  2 goblin zombies (Ossuary)
  2 hobgoblin zombies (Ossuary)
  17 kobolds
  3 kobold zombies (Ossuary)
  An orc zombie (Ossuary)
  5 quokka zombies (Ossuary)
  7 rats
  2 rat zombies (Ossuary)
539 creatures vanquished.

Vanquished Creatures (others)
  2 demonic crawler simulacra (IceCv)
  A glowing shapeshifter simulacrum (IceCv)
  An orc priest (D:6)
  2 orcs (D:6)
  2 demonic plants (Gauntlet)
  22 fungi
  62 plants
92 creatures vanquished.

Grand Total: 631 creatures vanquished

Table legend:
 A = Non-vault XP
 B = Vault XP
 C = Vault XP percentage of total XP
 D = Non-vault monster count
 E = Vault monster count
 F = Vault count percentage of total count
                 A         B        C        D         E       F
            +---------+---------+-------+---------+---------+-------
      Total |   60528 |   47517 |  44.0 |     368 |     171 |  31.7
            +---------+---------+-------+---------+---------+-------
        D:1 |      38 |       0 |   0.0 |      20 |       0 |   0.0
        D:2 |      15 |     268 |  94.7 |       9 |       2 |  18.2
        D:3 |      68 |      12 |  15.0 |      17 |       8 |  32.0
        D:4 |     147 |     126 |  46.2 |      10 |       2 |  16.7
        D:5 |     541 |     372 |  40.7 |      16 |       4 |  20.0
        D:6 |     709 |     425 |  37.5 |      21 |       2 |   8.7
        D:7 |    1043 |       0 |   0.0 |      11 |       0 |   0.0
        D:8 |     926 |    1972 |  68.0 |      21 |       2 |   8.7
        D:9 |    3084 |     811 |  20.8 |      23 |       1 |   4.2
       D:10 |    1556 |       0 |   0.0 |      16 |       0 |   0.0
       D:11 |    6878 |       0 |   0.0 |      30 |       0 |   0.0
       D:12 |    6575 |    2043 |  23.7 |      36 |       3 |   7.7
       D:13 |   10226 |       0 |   0.0 |      24 |       0 |   0.0
       D:14 |    3634 |    1135 |  23.8 |       7 |       3 |  30.0
     Lair:1 |    2771 |    3149 |  53.2 |      10 |      19 |  65.5
     Lair:2 |    4924 |    4679 |  48.7 |      24 |      16 |  40.0
     Lair:3 |    1740 |    6203 |  78.1 |       7 |      27 |  79.4
     Lair:4 |    2206 |     440 |  16.6 |      13 |       4 |  23.5
     Lair:5 |    6837 |    2028 |  22.9 |      26 |       3 |  10.3
     Lair:6 |    6354 |   12896 |  67.0 |      26 |      29 |  52.7
    Ossuary |       0 |      83 | 100.0 |       0 |      21 | 100.0
      IceCv |     256 |    5089 |  95.2 |       1 |      16 |  94.1
   Gauntlet |       0 |    5786 | 100.0 |       0 |       9 | 100.0
            +---------+---------+-------+---------+---------+-------

Illustrated notes

Table legend:
 A = Kills in this place as a percentage of kills in entire the game.
 B = Kills by you in this place as a percentage of kills by you in the entire game.
 C = Kills by friends in this place as a percentage of kills by friends in the entire game.
 D = Other kills in this place as a percentage of other kills in the entire game.
 E = Experience gained in this place as a percentage of experience gained in the entire game.
 F = Experience gained in this place divided by the number of levels of this place that you have seen.
                   A       B       C       D       E      F
               +-------+-------+-------+-------+-------+----------------------
         Total | 100.0 | 100.0 |   N/A |   N/A | 100.0 | 4501.9
       Dungeon |  53.4 |  53.4 |   N/A |   N/A |  39.4 | 3043.1
          Lair |  37.8 |  37.8 |   N/A |   N/A |  50.2 | 9037.8
       Ossuary |   3.9 |   3.9 |   N/A |   N/A |   0.1 |  83.0
      Ice Cave |   3.2 |   3.2 |   N/A |   N/A |   4.9 | 5345.0
      Gauntlet |   1.7 |   1.7 |   N/A |   N/A |   5.4 | 5786.0
               +-------+-------+-------+-------+-------+----------------------

Table legend: (Time is in decaauts)
 A = Elapsed time spent in this place.
 B = Non-inter-level travel time spent in this place.
 C = Inter-level travel time spent in this place.
 D = Time resting spent in this place.
 E = Time spent auto-exploring this place.
 F = Levels seen in this place.
 G = Mean time per level.
                   A        B        C        D        E       F      G
               +--------+--------+--------+--------+--------+-----+--------+
         Total |  30449 |  29364 |   1085 |   7069 |  16869 |  24 | 1268.7 |
       Dungeon |  17617 |  16875 |    742 |   3688 |  10378 |  14 | 1258.4 |
        Temple |    501 |    458 |     43 |      0 |    452 |   1 |  501.0 |
          Lair |   9215 |   8916 |    299 |   1747 |   5633 |   6 | 1535.8 |
       Ossuary |    246 |    246 |      0 |      0 |    126 |   1 |  246.0 |
      Ice Cave |   2230 |   2230 |      0 |   1571 |     74 |   1 | 2230.0 |
      Gauntlet |    638 |    638 |      0 |     63 |    205 |   1 |  638.0 |
               +--------+--------+--------+--------+--------+-----+--------+

Top non-repeatable levels by time:
   IceCv: 2230 daAuts
  Lair:2: 1854 daAuts
     D:7: 1839 daAuts
     D:6: 1774 daAuts
    D:12: 1752 daAuts
  Lair:6: 1748 daAuts
  Lair:1: 1686 daAuts
     D:4: 1632 daAuts
  Lair:5: 1474 daAuts
    D:11: 1415 daAuts
     D:9: 1298 daAuts
     D:5: 1278 daAuts
  Lair:3: 1253 daAuts
  Lair:4: 1197 daAuts
     D:8: 1167 daAuts
